 Dungeon Crawl Stone Soup version 0.20.0-7-g3b7b877 (webtiles) character file.

10536 IcySystem the Spear-Bearer (level 11, -15/78 HPs)
             Began as an Octopode Fighter on May 29, 2017.
             Was a High Priest of Okawaru.
             Demolished by a polar bear (30 damage)
             ... on level 1 of the Lair of Beasts.
             The game lasted 00:43:02 (11130 turns).

IcySystem the Spear-Bearer (Octopode Fighter)      Turns: 11130, Time: 00:43:03

Health: -15/78     AC:  2    Str: 15    XL:     11   Next: 63%
Magic:  11/11      EV: 18    Int: 17    God:    Okawaru [*****.]
Gold:   432        SH: 13    Dex: 19    Spells: 10/10 levels left

rFire    . . .     SeeInvis .   D - +6 spear of Extermination {holy, Int+4}
rCold    . . .     Gourm    .   b - +1 shield
rNeg     + . .     Faith    .   K - +1 hat {MR+}
rPois    +         Spirit   .   w - amulet of rage
rElec    .         Reflect  .   (no ring)
rCorr    .         Harm     .   N - +6 ring of dexterity
MR       ++...                  U - ring of positive energy
Stlth    +++.......             Z - +2 ring of evasion
Regen    0.3/turn               C - ring of protection from magic
MPRegen  0.2/turn               (no ring)
                                (no ring)
                                (no ring)

@: no status effects
A: almost no armour, stealthy swim, amphibious, 8 rings, constrict 8, camouflage
1, blurry vision 1, mutation resistance 1, poison resistance, gelatinous body 1
a: Heroism, Finesse, Renounce Religion, Evoke Berserk Rage


You were on level 1 of the Lair of Beasts.
You worshipped Okawaru.
Okawaru was extremely pleased with you.
You were not hungry.

You visited 2 branches of the dungeon, and saw 10 of its levels.
You also visited: Ossuary.

You collected 608 gold pieces.
You spent 176 gold pieces at shops.

Inventory:

Hand Weapons
 D - the +6 spear of Extermination (weapon) {holy, Int+4}
   (You found it on level 4 of the Dungeon)

   It has been blessed by the Shining One to cause great damage to the undead
   and demons.
   It affects your intelligence (+4).
 W - the +9 mace of Debt {antimagic, rF+++ MP+9 Dex-2 SInv}
   (You found it on level 7 of the Dungeon)

   It reduces the magical energy of the wielder, and disrupts the spells and
   magical abilities of those hit.
   Natural abilities and divine invocations are not affected.
   It affects your dexterity (-2).
   It renders you almost immune to fire.
   It affects your magic capacity (+9).
   It lets you see invisible.
Missiles
 j - a throwing net (quivered)
Armour
 b - a +1 shield (worn)
 K - a +1 hat of magic resistance (worn)
Jewellery
 w - an amulet of rage (around mantle)
 C - a ring of protection from magic (on tentacle)
 N - a +6 ring of dexterity (right tentacle)
 T - an uncursed ring of fire
 U - a ring of positive energy (on tentacle)
 Z - a +2 ring of evasion (on tentacle)
Wands
 h - a wand of lightning (0/15)
 F - a wand of disintegration (5/24)
 J - a wand of lightning (8/15)
 L - a wand of digging (24/24)
 V - a wand of confusion (26/48)
Scrolls
 a - a scroll of identify
 k - 7 scrolls of teleportation
 l - a scroll of enchant weapon
 r - 5 scrolls of remove curse
 y - a scroll of amnesia
 G - a scroll of blinking
 M - 3 scrolls of recharging
Potions
 c - 2 potions of might
 e - 2 potions of haste
 p - 3 potions of heal wounds
 u - a potion of invisibility
 B - 2 potions of lignification
 H - 2 potions of berserk rage
 O - 2 potions of curing
 Q - 2 potions of cancellation
 Y - a potion of resistance
Comestibles
 d - 4 bread rations
 i - 6 chunks of flesh
 z - 11 fruits


   Skills:
 + Level 8.4 Fighting
   Level 2.5(8.2) Axes
 - Level 11.9(12.0) Polearms
 + Level 5.9 Dodging
 * Level 10.0 Shields


You had 10 spell levels left.
You didn't know any spells.

Dungeon Overview and Level Annotations

Branches:
Dungeon (9/15)             Temple (0/1) D:7            Lair (1/6) D:9
    Orc (0/2) D:9

Altars:
Ashenzari
Dithmenos
Fedhas
Makhleb
Nemelex Xobeh
Okawaru
Uskayaw
Vehumet
Xom
Zin
The Shining One

Shops:
D:9 [


Innate Abilities, Weirdness & Mutations

You cannot wear most types of armour.
You are very stealthy in the water. (Stealth+)
You are amphibious.
You can wear up to eight rings at the same time.
You can use your tentacles to constrict eight enemies at once.
Your skin changes colour to match your surroundings (Stealth+).
Your rubbery body absorbs attacks. (AC +1, EV +1)
Scrolls take you a little longer to read.
You are somewhat resistant to further mutation.
Your system is resistant to poisons. (rPois)


Message History

* * * LOW HITPOINT WARNING * * *
The polar bear misses you.
You barely miss the polar bear. Your squeeze misses the polar bear.
The polar bear is heavily wounded.
You hit the polar bear but do no damage.
You squeeze the polar bear!
The polar bear is severely wounded.
You block the polar bear's attack. The polar bear completely misses you.
The polar bear claws you but does no damage.
You hit the polar bear. Your squeeze misses the polar bear.
The polar bear is severely wounded.
You hit the polar bear but do no damage.
You squeeze the polar bear, but do no damage.
The polar bear is severely wounded.
The polar bear goes berserk!
You hit the polar bear but do no damage.
Your squeeze misses the polar bear.
The polar bear is severely wounded.
The polar bear bites you!!
You die...

......#####............###.###..#
.....##.#####.P#.......#.........
...!.#......####................P
.....##......##........#........+
...P.##.##..............[.......#
.....#..###.##†........+.........
.....##h. ###..#.......#........#
.....##.:. #P..#.h.....+........+
...P#.######..##@......#....}...#
........#..##.##.......###.#+#.##
............###..................
.................................
.............P...................
...................).............
###.##..................###..##..
............########.....##.####.
.....#......########....##....##.


You could see a polar bear (berserk).

Vanquished Creatures
  Gastronok (D:8)
  A two-headed ogre (D:8)
  The ghost of Darkell the Archer, a novice DsAM (D:7)
  A black mamba (Lair:1)
  Maurice (D:8)
  A komodo dragon (D:9)
  A troll (D:9)
  3 polar bears (Lair:1)
  4 blink frogs (Lair:1)
  A hippogriff (Lair:1)
  A wyvern (D:8)
  A hungry ghost (D:8)
  Menkaure (D:7)
  A porcupine (Lair:1)
  2 water moccasins
  4 orc warriors
  An ice beast (D:9)
  3 phantoms
  2 black bears (Lair:1)
  2 sky beasts
  10 ogres
  2 crocodiles
  A centaur (D:7)
  4 big kobolds
  A bullfrog (D:9)
  A gnoll sergeant (D:9)
  2 scorpions
  3 howler monkeys
  5 wights (D:9)
  4 crimson imps
  10 hounds
  2 orc priests (D:9)
  9 orc wizards
  Crazy Yiuf (D:7)
  An iguana (D:4)
  9 worker ants
  6 big kobold zombies (Ossuary)
  A hound skeleton (D:9)
  A mummy (Ossuary)
  A howler monkey skeleton (D:6)
  5 adders
  11 gnolls
  A shadow imp (D:9)
  2 oozes
  An adder zombie (D:4)
  An adder skeleton (D:8)
  A worm (D:3)
  2 dart slugs
  2 leopard geckos
  23 orcs
  4 spectral bats (Ossuary)
  3 giant cockroaches
  6 gnoll zombies (Ossuary)
  9 goblins
  3 hobgoblins
  2 jackals (D:1)
  4 quokkas
  2 ball pythons
  5 bats
  3 bat simulacra (Ossuary)
  2 frilled lizards
  2 goblin simulacra (Ossuary)
  3 goblin zombies (Ossuary)
  4 hobgoblin zombies (Ossuary)
  10 kobolds
  2 kobold simulacra (Ossuary)
  5 kobold zombies (Ossuary)
  4 orc zombies (Ossuary)
  2 quokka skeletons
  2 quokka zombies (D:7)
  3 rats (D:1)
  5 rat simulacra (Ossuary)
  2 spectral goblins (Ossuary)
  4 spectral kobolds (Ossuary)
  3 spectral rats (Ossuary)
  A plant (D:9)
251 creatures vanquished.

Vanquished Creatures (others)
  An orc wizard (D:6)
  An orc priest (D:6)
  3 orcs (D:6)
  A quokka (D:6)
  A hobgoblin zombie (Ossuary)
  An orc zombie (Ossuary)
  A plant (D:9)
9 creatures vanquished.

Grand Total: 260 creatures vanquished

Notes
Turn   | Place    | Note
-------+----------+-------------------------------------------
     0 | D:1      | IcySystem the Octopode Fighter began the quest for the Orb.
     0 | D:1      | Reached XP level 1. HP: 16/16 MP: 1/1
   127 | D:1      | Reached XP level 2. HP: 21/21 MP: 2/2
   625 | D:2      | Reached XP level 3. HP: 23/26 MP: 3/3
   815 | D:2      | Found a sparkling altar of Nemelex Xobeh.
  1156 | D:2      | Reached skill level 1 in Polearms
  1199 | D:2      | Found a burning altar of Makhleb.
  1207 | D:2      | Found a radiant altar of Vehumet.
  1314 | D:3      | Found a faded altar of an unknown god.
  1612 | D:3      | Found a blossoming altar of Fedhas.
  1790 | D:3      | Reached XP level 4. HP: 31/31 MP: 4/4
  2103 | D:3      | Reached skill level 2 in Polearms
  2243 | D:3      | Reached XP level 5. HP: 27/36 MP: 5/5
  2254 | D:3      | Reached skill level 3 in Polearms
  2843 | D:4      | Reached skill level 4 in Polearms
  2921 | D:4      | Reached XP level 6. HP: 36/42 MP: 6/6
  3007 | D:4      | Reached skill level 5 in Polearms
  3042 | D:4      | Found an iron altar of Okawaru.
  3047 | D:4      | Got a faintly glowing spear
  3048 | D:4      | Identified the +6 spear of Extermination {holy, Int+4} (You found it on level 4 of the Dungeon)
  3050 | D:4      | Became a worshipper of Warmaster Okawaru
  3141 | D:4      | Reached XP level 7. HP: 39/46 MP: 7/7
  3291 | D:4      | Reached skill level 6 in Polearms
  3531 | D:5      | Entered Level 5 of the Dungeon
  4025 | D:5      | Found a shadowy altar of Dithmenos.
  4208 | D:5      | Reached skill level 7 in Polearms
  4554 | D:6      | Reached * piety under Okawaru
  4646 | D:6      | Found a sand-covered staircase.
  4651 | Ossuary  | Entered an ossuary
  4704 | Ossuary  | Reached XP level 8. HP: 38/52 MP: 8/8
  4739 | Ossuary  | Reached skill level 8 in Polearms
  5527 | D:6      | Reached skill level 9 in Polearms
  5771 | D:6      | Reached ** piety under Okawaru
  5963 | D:7      | Found a staircase to the Ecumenical Temple.
  6057 | D:7      | Reached skill level 10 in Polearms
  6099 | D:7      | Noticed Darkell's ghost (novice DsAM)
  6114 | D:7      | Killed Darkell's ghost
  6114 | D:7      | Reached skill level 11 in Polearms
  6114 | D:7      | Reached XP level 9. HP: 30/57 MP: 9/9
  6353 | D:7      | Found a runed door.
  6357 | D:7      | Got an encrusted mace
  6358 | D:7      | Noticed Crazy Yiuf
  6363 | D:7      | Killed Crazy Yiuf
  6368 | D:7      | Identified the +9 mace of Debt {antimagic, rF+++ MP+9 Dex-2 SInv} (You found it on level 7 of the Dungeon)
  6524 | D:7      | Noticed Menkaure
  6530 | D:7      | Killed Menkaure
  6530 | D:7      | Reached *** piety under Okawaru
  6768 | D:7      | Found a shattered altar of Ashenzari.
  7312 | D:8      | Noticed Maurice
  7325 | D:8      | Killed Maurice
  7325 | D:8      | Reached skill level 5 in Shields
  7673 | D:8      | Reached skill level 5 in Fighting
  7673 | D:8      | Reached XP level 10. HP: 47/66 MP: 10/10
  7789 | D:8      | Noticed a two-headed ogre
  7810 | D:8      | Killed a two-headed ogre
  7810 | D:8      | Received a gift from Okawaru
  7810 | D:8      | Reached **** piety under Okawaru
  7872 | D:8      | Noticed Gastronok
  8037 | D:8      | Found a blossoming altar of Fedhas.
  8037 | D:8      | Found a hide-covered altar of Uskayaw.
  8168 | D:9      | Found a staircase to the Lair.
  8399 | D:9      | Found Ysabyl's Armour Emporium.
  8413 | D:9      | Bought a +1 hat for 176 gold pieces
  8883 | D:9      | Found a shimmering altar of Xom.
  8889 | D:9      | Found a shadowy altar of Dithmenos.
  8975 | D:9      | Found a glowing golden altar of the Shining One.
  9037 | D:9      | Found a glowing silver altar of Zin.
  9318 | D:9      | Found a staircase to the Orcish Mines.
  9369 | D:9      | Reached XP level 11. HP: 25/75 MP: 8/11
  9371 | D:9      | Reached ***** piety under Okawaru
 10066 | D:8      | Killed Gastronok
 10066 | D:8      | Reached skill level 5 in Dodging
 10257 | Lair:1   | Entered Level 1 of the Lair of Beasts
 10413 | Lair:1   | Gained mutation: Your system is resistant to poisons. (rPois) [potion of mutation]
 10413 | Lair:1   | Gained mutation: You are somewhat resistant to further mutation. [potion of mutation]
 10413 | Lair:1   | Gained mutation: Scrolls take you a little longer to read. [potion of mutation]
 11121 | Lair:1   | Reached skill level 10 in Shields
 11130 | Lair:1   | Demolished by a polar bear

Skill      XL: |  1  2  3  4  5  6  7  8  9 10 11 |
---------------+----------------------------------+-----
Polearms       | 1 2 4 5 7 11 | 11.9
Shields        | 4 5 8 10 | 10.0
Fighting       | 5 7 8 |  8.4
Dodging        | 4 5 |  5.9
Axes           | |  2.5

Action                   |  1- 3 |  4- 6 |  7- 9 | 10-12 || total
-------------------------+-------+-------+-------+-------++-------
Melee: War axe           |    37 |       |       |       ||    37
       Constrict         |    16 |    14 |    30 |    31 ||    91
       Tentacles         |     5 |    17 |    36 |    68 ||   126
       Spear             |    40 |    70 |   297 |   299 ||   706
       Mace              |       |       |     6 |    10 ||    16
       Punch             |       |       |       |     7 ||     7
Throw: Throwing net      |       |       |       |     1 ||     1
Invok: Heroism           |       |       |       |     8 ||     8
 Abil: Evoke Berserk Rag |       |       |       |     2 ||     2
Evoke: Wand              |       |       |     7 |       ||     7
  Use: Scroll            |       |       |    15 |    13 ||    28
       Potion            |       |       |       |     3 ||     3
 Stab: Sleeping          |    11 |     3 |     9 |     8 ||    31
       Distracted        |       |       |     6 |       ||     6
       Held in net/web   |       |       |       |     2 ||     2
  Eat: Chunk             |     3 |     2 |    13 |    11 ||    29
       Fruit             |       |     2 |     2 |     2 ||     6
Armor: Skin              |     6 |     1 |     1 |     5 ||    13
Dodge: Dodged            |    32 |    16 |    51 |    91 ||   190
Block: Shield            |     7 |       |       |    54 ||    61
       Buckler           |     7 |    15 |    32 |    27 ||    81
